 Dungeon Crawl Stone Soup version 0.29-a0-231-g945431f764 (webtiles) character file.

Game seed: 16097489973165771070

2190 Colgate the Slinger (level 9, -18/61 HPs)
             Began as a Mummy Necromancer on Mar 1, 2022.
             Was an Elder of Trog.
             Demolished by Gastronok (30 damage)
             ... on level 8 of the Dungeon.
             The game lasted 00:37:26 (8872 turns).

Colgate the Slinger (Mummy Necromancer)             Turns: 8872, Time: 00:37:27

Health: -18/61     AC: 11    Str:  7    XL:     9   Next: 12%
Magic:  13/13      EV: 10    Int: 16    God:    Trog [****..]
Gold:   425        SH:  0    Dex: 21    Spells: 9/13 levels left

rFire   . . .      SeeInvis .   b - +7 hunting sling of Qyraram {venom, rElec Str-5 Dex+7 Stlth+}
rCold   + . .      Faith    .   (no shield)
rNeg    + + +      Spirit   .   t - +1 ring mail {rC+}
rPois   ∞          Reflect  .   k - +0 helmet
rElec   +          Harm     .   (no cloak)
rCorr   .          Rampage  .   s - +0 pair of gloves
Will    +....                   x - +1 pair of boots
Stlth   +++.......              (no amulet)
HPRegen 0.20/turn               m - ring of fire
MPRegen 0.13/turn               (no ring)

@: studying Slings
A: cold resistance 1, negative energy resistance 3, torment resistance 2, heat
vulnerability 1, in touch with death 1, no potions
a: Renounce Religion, Trog's Hand, Brothers in Arms


You were on level 8 of the Dungeon.
You worshipped Trog.
Trog was greatly pleased with you.
You visited 1 branch of the dungeon, and saw 8 of its levels.
You also visited: Sewer.

You collected 425 gold pieces.

Inventory:

Hand Weapons
 a - a +2 short sword of venom
 b - the +7 hunting sling of Qyraram (weapon) {venom, rElec Str-5 Dex+7 Stlth+}
   (You took it off an orc on level 3 of the Dungeon)

   Any ammunition fired from it poisons the flesh of those it strikes.
   Str:       It affects your strength (-5).
   Dex:       It affects your dexterity (+7).
   rElec:     It insulates you from electricity.
   Stlth:     It makes you more stealthy.
 c - the +6 hunting sling of Ru's Vengeance {vorpal, Str+3}
   (You found it on level 4 of the Dungeon)

   Any ammunition fired from it inflicts extra damage upon your enemies.
   Str:       It affects your strength (+3).
 n - a +0 long sword
 B - a +3 short sword of freezing
Missiles
 i - 11 poisoned darts
 p - a boomerang of dispersal
 v - 3 boomerangs
 C - 5 javelins
Armour
 d - a +0 plate armour
 e - a +0 robe
 j - a +0 leather armour
 k - a +0 helmet (worn)
 q - a +0 buckler
 s - a +0 pair of gloves (worn)
 t - a +1 ring mail of cold resistance (worn)
 x - a +1 pair of boots (worn)
 z - a +0 scale mail
 A - a +0 chain mail
Jewellery
 m - a ring of fire (left hand)
Wands
 o - a wand of flame (47)
Scrolls
 f - 2 scrolls of teleportation {@r3}
 g - 5 scrolls of fear
 h - 2 scrolls of enchant weapon
 l - a scroll of amnesia
 r - 3 scrolls of immolation
 u - a scroll of summoning
 y - a scroll of magic mapping {@r5}
 D - a scroll of vulnerability {unknown}


   Skills:
 - Level 2.0 Fighting
 - Level 2.0 Short Blades
 + Level 11.8 Slings
 - Level 3.1 Armour
 - Level 1.5 Dodging
 - Level 1.5 Stealth
 - Level 2.8 Spellcasting
 - Level 5.0 Necromancy


You had 9 spell levels left.
You knew the following spells:

 Your Spells              Type           Power      Damage    Failure   Level
a - Pain                  Necr           100%       1d9       8%          1
b - Vampiric Draining     Necr           27%        2d7       24%         3

Your spell library contained the following spells:

 Spells                   Type           Power      Damage    Failure   Level
 Animate Skeleton         Necr           54%        N/A       8%          1
 Animate Dead             Necr           13%        N/A       61%         4
 Agony                    Necr           27%        N/A       91%         5


Dungeon Overview and Level Annotations

Branches:
Dungeon (8/15)             Temple (0/1) D:4            Lair (0/6) D:8
  Sewer (visited)

Altars:
Trog

Shops:
D:6 :

Annotations:
D:8 Gastronok, Maurice


Innate Abilities, Weirdness & Mutations

You are immune to poison.
Your flesh is cold resistant. (rC+)
You are immune to negative energy. (rN+++)
You are immune to unholy pain and torment.
You are vulnerable to heat. (rF-)
You are in touch with the powers of death.
You do not drink.


Message History

You shoot a sling bullet. The sling bullet hits Gastronok.
Gastronok looks as sick as possible!
You shoot a sling bullet. The sling bullet hits Gastronok.
Gastronok looks as sick as possible!
You wobble.
You shoot a sling bullet. The sling bullet hits Gastronok.
You shoot a sling bullet. The sling bullet hits Gastronok!
Gastronok looks as sick as possible!
Gastronok bites you!!
Ouch! That really hurt!
You are too injured to fight recklessly!
Fire: b) +7 hunting sling of Qyraram {venom, rElec Str-5 Dex+7 Stlth+}
Aim: Gastronok, wearing a +0 hat of stealth (severely wounded, extremely poisoned, 95% to hit)
You shoot a sling bullet. The sling bullet hits Gastronok!
Gastronok looks as sick as possible!
Fire: b) +7 hunting sling of Qyraram {venom, rElec Str-5 Dex+7 Stlth+}
Aim: Gastronok, wearing a +0 hat of stealth (severely wounded, extremely poisoned, 95% to hit)
You shoot a sling bullet. The sling bullet hits Gastronok!
Gastronok looks as sick as possible!
Gastronok waves his eye-stalks in wide circles.
The air twists around and strikes you!!
* * * LOW HITPOINT WARNING * * *
Fire: b) +7 hunting sling of Qyraram {venom, rElec Str-5 Dex+7 Stlth+}
Aim: Gastronok, wearing a +0 hat of stealth (severely wounded, extremely poisoned, 95% to hit)
You shoot a sling bullet. The sling bullet hits Gastronok.
Gastronok looks as sick as possible!
Fire: b) +7 hunting sling of Qyraram {venom, rElec Str-5 Dex+7 Stlth+}
Aim: Gastronok, wearing a +0 hat of stealth (severely wounded, extremely poisoned, 95% to hit)
You shoot a sling bullet. The sling bullet hits Gastronok.
Gastronok looks as sick as possible!
Gastronok bites you but does no damage.
Fire: b) +7 hunting sling of Qyraram {venom, rElec Str-5 Dex+7 Stlth+}
Aim: Gastronok, wearing a +0 hat of stealth (almost dead, extremely poisoned, 95% to hit)
You shoot a sling bullet. The sling bullet hits Gastronok!
Gastronok looks as sick as possible!
Fire: b) +7 hunting sling of Qyraram {venom, rElec Str-5 Dex+7 Stlth+}
Aim: Gastronok, wearing a +0 hat of stealth (almost dead, extremely poisoned, 95% to hit)
You shoot a sling bullet. The sling bullet hits Gastronok.
Gastronok looks as sick as possible!
Gastronok bites you!!
You die...

#......#
#.<....#
##....##
##>..# ##..#
#..# #..#
##.# #@#
#..w.#
#........
#.......##
.........#
#..........#
...?.......#
#..........##


You could see Gastronok (extremely poisoned).

Vanquished Creatures
  A steam dragon (D:6)
  Menkaure (D:5)
  2 water moccasins
  An orc warrior (D:5)
  Pargi (Sewer)
  2 black bears
  2 ogres
  A phantom (D:5)
  A centaur (D:5)
  3 bullfrogs (D:7)
  A scorpion (D:3)
  3 wights (D:7)
  A jelly (D:7)
  3 orc priests
  3 hounds
  2 iguanas (D:5)
  3 orc wizards
  Robin (D:2)
  4 gnolls (D:5)
  A river rat (D:4)
  9 adders
  2 worms
  4 dart slugs
  18 orcs
  5 endoplasms
  12 giant cockroaches
  11 hobgoblins
  3 jackals (D:1)
  6 kobolds
  4 quokkas
  7 ball pythons
  10 bats
  5 frilled lizards
  10 goblins
  9 rats
152 creatures vanquished.

Vanquished Creatures (others)
  2 fungi (D:1)
  A plant (D:1)
3 creatures vanquished.

Grand Total: 155 creatures vanquished

Notes
Turn   | Place    | Note
-------+----------+-------------------------------------------
     0 | D:1      | Colgate the Mummy Necromancer began the quest for the Orb.
     0 | D:1      | Reached XP level 1. HP: 13/13 MP: 4/4
   246 | D:1      | Reached XP level 2. HP: 19/19 MP: 1/5
   963 | D:1      | Reached skill level 5 in Necromancy
  1025 | D:1      | Gained mutation: You are in touch with the powers of death.
                  | [Mummy growth]
  1025 | D:1      | Reached XP level 3. HP: 24/24 MP: 4/7
  1099 | D:1      | Learned a level 3 spell: Vampiric Draining
  1259 | D:1      | Found a faded altar of an unknown god.
  1263 | D:1      | Prayed at the altar of an unknown god.
  1263 | D:1      | Became a worshipper of Trog the Wrathful
  1263 | D:1      | Reached * piety under Trog
  1675 | D:1      | Found a bloodstained altar of Trog.
  2218 | D:2      | Reached skill level 1 in Short Blades
  2504 | D:2      | Reached XP level 4. HP: 29/30 MP: 8/8
  3283 | D:3      | Noticed Robin
  3441 | D:2      | Killed Robin
  3861 | D:3      | Reached skill level 1 in Slings
  3873 | D:3      | Noticed a scorpion
  3885 | D:3      | Killed a scorpion
  3885 | D:3      | Reached ** piety under Trog
  3886 | D:3      | Reached skill level 2 in Slings
  3886 | D:3      | Reached XP level 5. HP: 26/35 MP: 9/9
  4467 | D:3      | Identified the +7 hunting sling of Qyraram {venom, rElec
                  | Str-5 Dex+7 Stlth+}
  5021 | D:4      | Identified a scroll of acquirement
  5021 | D:4      | Acquired a manual of Slings
  5031 | D:4      | Identified the +6 hunting sling of Ru's Vengeance {vorpal,
                  | Str+3}
  5058 | D:4      | Reached skill level 3 in Slings
  5058 | D:4      | Found a glowing drain.
  5070 | Sewer    | Entered a sewer
  5111 | Sewer    | Noticed Pargi
  5117 | Sewer    | Killed Pargi
  5118 | Sewer    | Reached skill level 4 in Slings
  5118 | Sewer    | Reached XP level 6. HP: 35/41 MP: 10/10
  5403 | D:4      | Reached skill level 5 in Slings
  5515 | D:4      | Reached *** piety under Trog
  5590 | D:4      | Noticed a water moccasin
  5594 | D:4      | Killed a water moccasin
  5595 | D:4      | Reached skill level 6 in Slings
  5595 | D:4      | Reached XP level 7. HP: 39/46 MP: 11/11
  5699 | D:4      | Found a staircase to the Ecumenical Temple.
  6022 | D:5      | Entered Level 5 of the Dungeon
  6033 | D:5      | Reached skill level 7 in Slings
  6301 | D:5      | Reached skill level 8 in Slings
  6429 | D:5      | Reached skill level 1 in Fighting
  6528 | D:5      | Reached skill level 9 in Slings
  6528 | D:5      | Reached XP level 8. HP: 54/54 MP: 12/12
  6674 | D:5      | Noticed Menkaure
  6679 | D:5      | Killed Menkaure
  6680 | D:5      | Reached skill level 10 in Slings
  7415 | D:6      | Found Yda Kueje's Book Shoppe.
  7803 | D:7      | Reached **** piety under Trog
  8373 | D:7      | Reached skill level 11 in Slings
  8427 | D:7      | Reached XP level 9. HP: 35/61 MP: 13/13
  8802 | D:8      | Found a staircase to the Lair.
  8828 | D:8      | Noticed Maurice
  8856 | D:8      | Noticed Gastronok
  8872 | D:8      | Demolished by Gastronok

Illustrated notes

Levels and vault maps discovered:
D:1:      dpeg_arrival_arbitrary_a, layout_loops_ring,
          shapermc_ecumenical_altar_petra
D:2:      layout_basic
D:3:      layout_loops_ring, uniq_robin
D:4:      layout_basic, temple_hall, portal_sewer_entry_a,
          kennysheep_generic_room_10
D:5:      layout_loops_ring, st_stairs_14, nicolae_underground_beach,
          uniq_menkaure
D:6:      layout_cave_pools, serial_shops, shop
D:7:      layout_basic
D:8:      layout_cave_pods, lair_entry_dummy, serial_shops,
          nicolae_shop_advertising_works [nicolae_subvault_shop_adworks],
          uniq_maurice, uniq_gastronok, uniq_pikel, uniq_grum, uniq_joseph,
          uniq_maggie

Skill      XL: |  1  2  3  4  5  6  7  8 |
---------------+-------------------------+-----
Necromancy     | 5 |  5.0
Short Blades   | 1 2 |  2.0
Slings         | 2 4 6 9 11 | 11.8
Fighting       | 1 2 |  2.0
Armour         | 3 |  3.1
Dodging        | |  1.5
Stealth        | |  1.5
Spellcasting   | |  2.8

Action                   |  1- 3 |  4- 6 |  7- 9 || total
-------------------------+-------+-------+-------++-------
Melee: Unarmed           |     6 |       |       ||     6
       Short sword       |    37 |    65 |       ||   102
       Punch             |     1 |     1 |       ||     2
 Fire: Hunting sling     |    20 |   105 |   200 ||   325
 Cast: Pain              |    43 |       |       ||    43
  Use: Scroll            |       |     4 |     4 ||     8
Armor: Robe              |     5 |    18 |       ||    23
       Ring mail         |       |    28 |    16 ||    44
Dodge: Dodged            |    23 |    66 |    28 ||   117

Table legend: (Time is in decaauts)
 A = Elapsed time spent in this place.
 B = Non-inter-level travel time spent in this place.
 C = Inter-level travel time spent in this place.
 D = Time resting spent in this place.
 E = Time spent auto-exploring this place.
 F = Levels seen in this place.
 G = Mean time per level.
                   A        B        C        D        E       F      G
               +--------+--------+--------+--------+--------+-----+--------+
         Total |   8959 |   8630 |    329 |    104 |   6827 |   9 |  995.4 |
       Dungeon |   8720 |   8391 |    329 |    104 |   6677 |   8 | 1090.0 |
         Sewer |    238 |    238 |      0 |      0 |    150 |   1 |  238.0 |
               +--------+--------+--------+--------+--------+-----+--------+

Top non-repeatable levels by time:
     D:1: 2264 daAuts
     D:2: 1873 daAuts
     D:5: 1227 daAuts
     D:7: 1071 daAuts
     D:3: 888 daAuts
     D:4: 804 daAuts
     D:6: 520 daAuts
   Sewer: 238 daAuts
     D:8: 70 daAuts
